 Dungeon Crawl Stone Soup version 0.17-a0-1133-gfb1399f (webtiles) character file.

6013 miau the Grappler (level 10, -1/100 HPs)
             Began as a Troll Monk on May 24, 2015.
             Was a Priest of Okawaru.
             Slain by Sonja the fire bat (3 damage)
             ... on level 10 of the Dungeon on May 25, 2015.
             The game lasted 01:13:15 (8852 turns).

miau the Grappler (Troll Monk)                      Turns: 8852, Time: 01:13:15

Health: -1/100     AC:  7    Str: 25    XL:     10   Next: 56%
Magic:  9/10       EV: 18    Int:  6    God:    Okawaru [***...]
Gold:   570        SH:  0    Dex: 14    Spells: 0 memorised, 9 levels left

rFire  . . .     SeeInvis .       - Unarmed
rCold  . . .     Clarity  .     a - +1 robe
rNeg   . . .     SustAt   .     (no shield)
rPois  .         Gourm    +     (helmet restricted)
rElec  .         Spirit   .     H - +0 cloak
rCorr  .         Warding  .     (gloves unavailable)
rMut   .         Stasis   .     (boots unavailable)
MR     .....                    i - amulet of rage
Stlth  +++.......               r - +1 ring of evasion
                                e - +3 ring of strength

@: lethally poisoned (-1 -> -1), heroism, not resistant to hostile enchantments,
fairly stealthy
A: unfitting armour, claws 3, breathe flames 1, fast metabolism 3, gourmand,
regeneration 2, shaggy fur 1, tough skin 2
a: Heroism, Renounce Religion, Breathe Fire, Evoke Berserk Rage


You were on level 10 of the Dungeon.
You worshipped Okawaru.
Okawaru was most pleased with you.
You were very full.

You visited 2 branches of the dungeon, and saw 11 of its levels.

You collected 570 gold pieces.

Inventory:

Hand weapons
 w - a +1 blowgun
Missiles
 d - 278 stones (quivered)
 g - 17 tomahawks
 u - 21 poisoned needles
 M - 5 javelins of returning
 Q - 8 tomahawks of returning
Armour
 a - a +1 robe (worn)
 H - a +0 cloak (worn)
Jewellery
 e - a +3 ring of strength (left claw)
 i - an amulet of rage (around neck)
 j - an uncursed ring of wizardry
 m - an uncursed ring of fire
 r - a +1 ring of evasion (right claw)
 t - an uncursed ring of fire
 A - an uncursed ring of ice
 B - an uncursed ring of stealth
 J - an uncursed ring of see invisible
Magical devices
 c - a wand of fireball (2)
 x - a wand of random effects (18)
 F - a wand of frost (30)
 O - a wand of fire (6)
 P - a wand of polymorph (7)
Scrolls
 h - 2 scrolls of recharging
 k - 7 scrolls of identify
 o - 3 scrolls of magic mapping
 p - 2 scrolls of blinking
 q - 6 scrolls of remove curse
 y - 2 scrolls of teleportation
 C - a scroll of fear
 N - a scroll of enchant armour
Potions
 f - a potion of brilliance
 n - 2 potions of agility
 z - 2 potions of flight
 E - a potion of curing
Books
 K - a book of Annihilations {highlevel, unknown}

   This book is beyond your current level of understanding.

   Spells                             Type                      Level
   a - Poison Arrow                   Conjuration/Poison           6
   b - Chain Lightning                Conjuration/Air              8
   c - Lehudib's Crystal Spear        Conjuration/Earth            8
   d - Glaciate                       Conjuration/Ice              9
   e - Fire Storm                     Conjuration/Fire             9
Miscellaneous
 l - a plain deck of changes
Comestibles
 b - 11 bread rations
 s - 2 meat rations
 v - 6 beef jerkies
 D - 8 slices of pizza
 G - 3 fruits
 I - 6 chunks of flesh
 L - a royal jelly


   Skills:
 + Level 6.4(11.4) Fighting
 + Level 2.7(7.7) Throwing
 + Level 7.9(12.9) Dodging
 + Level 3.5(8.5) Stealth
 + Level 9.8(14.8) Unarmed Combat
 + Level 1.6 Invocations
 + Level 1.9 Evocations


You had 9 spell levels left.
You didn't know any spells.

Dungeon Overview and Level Annotations

Branches:
Dungeon (10/15)            Temple (1/1) D:5            Lair (0/8) D:9
    Orc (0/4) D:9

Altars:
Ashenzari
Cheibriados
Dithmenos
Elyvilon
Fedhas
Gozag
Kikubaaqudgha
Makhleb
Nemelex Xobeh
Okawaru
Qazlal
Ru
Sif Muna
Trog
Vehumet
Xom
Yredelemnul
Zin
The Shining One

Shops:
D:5 =

Annotations:
D:10 Sonja


Innate Abilities, Weirdness & Mutations

You are too large for most types of armour.
You have claws for hands.
Your metabolism is lightning-fast.
You like to eat raw meat.
You heal very quickly.
You are covered in fur (AC +1).
You have very tough skin (AC +2).
You can breathe flames.


Message History

Items here: ! ) [ † a spear; an animal skin; a potion of lignification; the gnoll corpse of Grum You closely miss Sonja.
You feel sick.
Sonja hits you with an uncursed short sword of venom.
* * * LOW HITPOINT WARNING * * *
You are more poisoned.
Sonja completely misses you.
Sonja hits you with an uncursed short sword of venom.
* * * LOW HITPOINT WARNING * * *
You closely miss Sonja. Your claw misses Sonja.
You feel sick.
Sonja zaps a wand.
The bolt of fire hits you!
* * * LOW HITPOINT WARNING * * *
Zapping:
P - a wand of polymorph (will waste charges)
Press: ? - help, Shift-Dir - straight line, f - Sonja
Aim: Sonja, wielding a short sword of venom and carrying a wand of fire {zapped: 4} (chance to defeat MR: 58%) Sonja evaporates and reforms as a fire bat!
Evoking this partially-identified wand wasted a few charges.
Your skill with magical items lets you calculate the power of this device...
This wand has 7 charges left.
You feel sick. Sonja bites you.
You die...

######### #.......#
#.......# +.......#
#.......# #>..b...#
#@# #†# #.# #.##
##+###### #(.#
........#### ####.###
........'..# #......#
........##.# #......#
........##.###......#


You could see Sonja the fire bat.

Vanquished Creatures
  An unseen horror (D:10)
  The ghost of HEYYEYAAE the Transmogrifier, an experienced OpTm (D:5)
  The ghost of HEYYEYAAE the Ducker, an experienced OpFi (D:4)
  A human (D:7)
  Sigmund (D:5)
  6 yaks
  Grum (D:10)
  Menkaure (D:6)
  A hippogriff (D:9)
  Edmund (D:6)
  A warg (D:9)
  2 wolves (D:10)
  Duvessa (D:6)
  3 centaurs
  A black bear (D:9)
  3 orc warriors (D:9)
  2 phantoms
  4 ogres
  4 giant frogs
  Dowan (D:6)
  3 scorpions
  A water moccasin skeleton (D:9)
  A crimson imp (D:9)
  An orc priest (D:7)
  A giant frog zombie (D:9)
  3 hounds
  A giant frog skeleton (D:5)
  7 orc wizards
  An iguana (D:7)
  Jessica (D:2)
  A centaur skeleton (D:8)
  Natasha (twice) (D:2)
  A killer bee zombie (D:4)
  2 sheep (D:7)
  7 worker ants
  A hound skeleton (D:7)
  A hound zombie (D:6)
  4 worker ant zombies
  14 adders
  6 gnolls
  A shadow imp (D:3)
  An ooze (D:4)
  An adder zombie (D:6)
  An adder skeleton (D:6)
  2 worms
  4 giant geckos
  28 orcs
  10 bats
  6 hobgoblins
  9 jackals
  4 giant cockroaches
  A giant gecko skeleton (D:5)
  3 giant newts
  10 goblins
  A jackal skeleton (D:4)
  16 kobolds
  2 quokkas
  A quokka skeleton (D:5)
  16 rats
213 creatures vanquished.

Vanquished Creatures (others)
  A bat (D:1)
1 creature vanquished.

Grand Total: 214 creatures vanquished

Notes
Turn   | Place    | Note
--------------------------------------------------------------
     0 | D:1      | miau the Troll Monk began the quest for the Orb.
     0 | D:1      | Reached XP level 1. HP: 22/22 MP: 0/0
   180 | D:1      | Reached XP level 2. HP: 29/29 MP: 1/1
   804 | D:2      | Reached XP level 3. HP: 32/36 MP: 2/2
   878 | D:2      | Noticed Natasha
   889 | D:2      | Killed Natasha
   889 | D:2      | Reached XP level 4. HP: 37/45 MP: 3/3
  1008 | D:2      | Noticed Natasha
  1012 | D:2      | Killed Natasha
  1041 | D:2      | Noticed Jessica
  1049 | D:2      | Killed Jessica
  1049 | D:2      | Reached skill level 5 in Unarmed Combat
  1223 | D:2      | Reached XP level 5. HP: 40/53 MP: 4/4
  1484 | D:3      | Found a sparkling altar of Nemelex Xobeh.
  2327 | D:4      | Noticed HEYYEYAAE's ghost (experienced OpFi)
  2448 | D:4      | Reached skill level 1 in Throwing
  2448 | D:4      | Reached XP level 6. HP: 61/61 MP: 5/5
  2530 | D:4      | Noticed a phantom
  2587 | D:4      | Killed a phantom
  2587 | D:4      | Reached skill level 6 in Unarmed Combat
  2614 | D:4      | Killed HEYYEYAAE's ghost
  2614 | D:4      | Reached XP level 7. HP: 46/68 MP: 6/6
  2871 | D:4      | Found a sparkling altar of Nemelex Xobeh.
  3269 | D:5      | Entered Level 5 of the Dungeon
  3349 | D:5      | Noticed Sigmund
  3408 | D:5      | Killed Sigmund
  3408 | D:5      | Reached skill level 7 in Unarmed Combat
  3520 | D:5      | Noticed HEYYEYAAE's ghost (experienced OpTm)
  3540 | D:5      | Killed HEYYEYAAE's ghost
  3540 | D:5      | Reached skill level 5 in Dodging
  3540 | D:5      | Reached skill level 1 in Evocations
  3540 | D:5      | Reached XP level 8. HP: 64/79 MP: 7/7
  3584 | D:5      | Found a staircase to the Ecumenical Temple.
  3733 | D:5      | Found a shadowy altar of Dithmenos.
  3735 | D:5      | Found a snail-covered altar of Cheibriados.
  3752 | D:5      | Found an opulent altar of Gozag.
  3752 | D:5      | Found a deep blue altar of Sif Muna.
  3767 | D:5      | Found a glowing silver altar of Zin.
  3769 | D:5      | Found a stormy altar of Qazlal.
  3998 | D:5      | Found Atho's Jewellery Emporium.
  4529 | Temple   | Entered the Ecumenical Temple
  4549 | Temple   | Became a worshipper of Warmaster Okawaru
  4549 | Temple   | Acquired Okawaru's first power
  4790 | D:6      | Found a white marble altar of Elyvilon.
  4864 | D:6      | Noticed Duvessa
  4865 | D:6      | Noticed Dowan
  4887 | D:6      | Killed Duvessa
  4888 | D:6      | Killed Dowan
  4928 | D:6      | Reached skill level 1 in Invocations
  4977 | D:6      | Noticed Edmund
  4985 | D:6      | Killed Edmund
  5061 | D:6      | Gained mutation: You can breathe flames. [potion of beneficial mutation]
  5173 | D:6      | Noticed Menkaure
  5183 | D:6      | Killed Menkaure
  5183 | D:6      | Reached XP level 9. HP: 87/87 MP: 6/9
  5248 | D:6      | Reached skill level 8 in Unarmed Combat
  5471 | D:6      | Reached skill level 5 in Fighting
  5836 | D:6      | Upgraded the game from 0.17-a0-1129-g5854844 to 0.17-a0-1133-gfb1399f
  7591 | D:8      | Reached skill level 9 in Unarmed Combat
  7989 | D:9      | Found a staircase to the Lair.
  8022 | D:9      | Reached XP level 10. HP: 98/98 MP: 10/10
  8113 | D:9      | Found a burning altar of Makhleb.
  8113 | D:9      | Noticed an Executioner
  8302 | D:9      | Found a staircase to the Orcish Mines.
  8562 | D:10     | Entered Level 10 of the Dungeon
  8716 | D:10     | Noticed an unseen horror
  8721 | D:10     | Killed an unseen horror
  8721 | D:10     | Received a gift from Okawaru
  8829 | D:10     | Noticed Grum
  8829 | D:10     | Noticed Sonja
  8848 | D:10     | Killed Grum
  8851 | D:10     | HP: 3/100 [Sonja/wand of fire (16)]
  8852 | D:10     | Noticed Sonja
  8852 | D:10     | Sonja changed into Sonja the fire bat
  8852 | D:10     | Slain by Sonja the fire bat

Vault maps used:
D:1:      saegor_arrival_miasma, serial_bayou_lagoon_b
D:2:      uniq_jessica, uniq_natasha
D:3:      first_bread, minivault_26, nemelex_deck
D:4:      minmay_misc_feat_roman, kennysheep_doodads, nemelex_dance_club_becter
D:5:      grunt_temple_overflow_open, minmay_temple_entry_glassed_door,
          serial_shops, kennysheep_mini_moat, uniq_sigmund
D:6:      overflow_temple_1_default, grunt_ministairs_10, uniq_edmund,
          uniq_menkaure, uniq_duvessa
D:7:      grunt_ministairs_12, grunt_livestock
D:9:      lair_0_dummy, erik_orc_3, makhleb_altar_promises_db
D:10:     basic_altar, serial_shops, nicolae_shop_stone, uniq_grum, uniq_sonja
Temple:   water_room_temple_b_12

Action                   |  1- 3 |  4- 6 |  7- 9 | 10-12 || total
-------------------------+-------+-------+-------+-------++-------
Melee: Unarmed           |    61 |   139 |   316 |    94 ||   610
 Fire: Blowgun           |       |       |     4 |     2 ||     6
Throw: Stone             |       |    31 |    38 |     5 ||    74
       Tomahawk          |       |       |       |     2 ||     2
Invok: Heroism           |       |       |     4 |     2 ||     6
Evoke: Wand              |       |       |       |     1 ||     1
  Use: Potion            |     4 |     2 |     5 |     2 ||    13
       Scroll            |     3 |     4 |     3 |     1 ||    11
 Stab: Sleeping          |     3 |       |     8 |     2 ||    13
       Distracted        |       |       |     1 |       ||     1
  Eat: Chunk             |    11 |    18 |    50 |     7 ||    86
